 Dungeon Crawl Stone Soup version 0.24.0-123-gd5b16e6ec5 (webtiles) character file.

Game seed: 1547520407148826389, levelgen mode: deterministic

66 Mesmaeker13 the Digger (level 3, 0/26 HPs)
             Began as a Draconian Earth Elementalist on Feb 12, 2020.
             Succumbed to an adder's poison
             ... on level 2 of the Dungeon.
             The game lasted 00:02:01 (1906 turns).

Mesmaeker13 the Digger (DrEE)                       Turns: 1906, Time: 00:02:01

Health: 0/26       AC:  5    Str: 10    XL:     3   Next: 96%
Magic:  0/7        EV:  6    Int: 16    God:
Gold:   84         SH:  0    Dex: 11    Spells: 6/7 levels left

rFire    . . .     SeeInvis .   (no weapon)
rCold    . . .     Gourm    .   (no shield)
rNeg     . . .     Faith    .   (armour unavailable)
rPois    .         Spirit   .   (helmet restricted)
rElec    .         Reflect  .   (no cloak)
rCorr    .         Harm     .   (no gloves)
MR       .....                  (no boots)
Stlth    ++........             (no amulet)
HPRegen  0.08/turn              (no ring)
MPRegen  0.10/turn              (no ring)

@: lethally poisoned (0 -> -9), held
A: unfitting armour, cold-blooded, AC +5
a: no special abilities


You were on level 2 of the Dungeon.
You were not hungry.

You visited 1 branch of the dungeon, and saw 2 of its levels.

You collected 84 gold pieces.

Inventory:

Missiles
 b - 33 stones (quivered)
Scrolls
 a - a scroll of enchant armour {unknown}
 d - a scroll of fear {unknown}
 e - a scroll of noise {unknown}
 f - a scroll of amnesia {unknown}
 h - a scroll of magic mapping {unknown}
 j - a scroll of blinking {unknown}
 l - a scroll of teleportation {unknown}
 n - a scroll of identify {unknown}
Potions
 g - a potion of ambrosia {unknown}
 k - a potion of curing {unknown}
 m - a potion of heal wounds {unknown}
Comestibles
 c - 5 rations


   Skills:
 + Level 2.6 Dodging
 - Level 1.7 Stealth
 + Level 2.8 Spellcasting
   Level 1.0 Transmutations
 + Level 3.7 Earth Magic


You had 6 spell levels left.
You knew the following spells:

 Your Spells              Type           Power        Failure   Level  Hunger
a - Sandblast             Erth           ##....       4%          1    #......

Your spell library contained the following spells:

 Spells                   Type           Power        Failure   Level  Hunger
 Passwall                 Tmut/Erth      #.......     11%         2    ##.....
 Stone Arrow              Conj/Erth      #.....       26%         3    ###....
 Petrify                  Tmut/Erth      #.......     58%         4    #####..
 Lee's Rapid Deconstruct  Erth           ##........   75%         5    ######.


Dungeon Overview and Level Annotations

Branches:
Dungeon (2/15)

Altars:


Innate Abilities, Weirdness & Mutations

Your plain brown scales are hard. (AC +5)
You cannot fit into any form of body armour.
You are cold-blooded and may be slowed by cold attacks.


Message History

Confirm with . or Enter, or press ? or * to list all spells.
Aiming: Sandblast (safe; 4% risk of failure)
Press: ? - help, Shift-Dir - straight line, f - gnoll
Aim: a gnoll The blast of sand hits the gnoll!
The gnoll is severely wounded.
b - 34 stones The gnoll barely misses you.
The gnoll hits you but does no damage. The adder bites you but does no damage.
Unknown command.
Unknown command.
Casting: Sandblast (safe; 4% risk of failure)
Confirm with . or Enter, or press ? or * to list all spells.
Aiming: Sandblast (safe; 4% risk of failure)
Press: ? - help, Shift-Dir - straight line, f/p - gnoll
Aim: a gnoll (severely wounded)
The blast of sand hits the gnoll.
The gnoll is almost dead.
b - 33 stones You die...

##.#.#######.# ##.##
#.# #.# .# #.# "#
#.# .####### #.#
.#......
###.###........
#.#g@S##.........
#.g.g.g((#.....S.
#g#s####.(.......
..................
.............#.#S.g.
.>.......$...#.# #..
..##.#.#####J# # #
#.## #.# ..#


You could see 3 gnolls, an adder, a giant cockroach and 2 goblins.

Vanquished Creatures
  A gnoll (D:2)
  An adder (D:2)
  An ooze (D:1)
  2 dart slugs (D:1)
  A ball python (D:1)
  A giant cockroach (D:1)
  3 hobgoblins (D:1)
  10 jackals (D:1)
  4 bats
  2 frilled lizards (D:1)
  2 goblins
  2 kobolds (D:1)
  8 rats
38 creatures vanquished.

Notes
Turn   | Place    | Note
-------+----------+-------------------------------------------
     0 | D:1      | Mesmaeker13 the Draconian Earth Elementalist began the
                  | quest for the Orb.
     0 | D:1      | Reached XP level 1. HP: 14/14 MP: 3/3
   494 | D:1      | Reached XP level 2. HP: 19/20 MP: 3/5
   766 | D:1      | HP: 1/20 [jackal (2)]
  1097 | D:1      | Reached XP level 3. HP: 23/26 MP: 6/6
  1904 | D:2      | HP: 1/26 [adder (1)]
  1906 | D:2      | Succumbed to an adder's poison

Levels and vault maps discovered:
D:1:      tarquinn_simple_flora_water_f, layout_loops_ring, amethyst_killhole,
          glass_columns_a
D:2:      layout_loops_ring, nicolae_ru_great_annihilating_truth

Skill      XL: |  1 |
---------------+----+-----
Dodging        | 2 |  2.6
Stealth        | |  1.7
Spellcasting   | |  2.8
Transmutations | |  1.0
Earth Magic    | |  3.7

Action                   || total
-------------------------++-------
Melee: Unarmed           ||   147
       Tailslap          ||    12
 Cast: Sandblast         ||    38
 Stab: Sleeping          ||     1
  Eat: Chunk             ||     4
Armor: Skin              ||    68
Dodge: Dodged            ||   130
